Map: Astillero orbital

Players

xXkazperXx - Winner!

  • Race: Zerg Zerg
  • League: Bronze

RANURA DE IA (Muy fácil)

  • Race: Zerg Zerg

VOD

Have the link to the VOD?

Description

Time

  • Played on: April 2, 2016, 8:54 a.m.
  • Length: 4:32
Show
View Real Time Build Order
Export as new Build Order

xXkazperXx Zerg - Winner!

Build Orders: Pool Only 

Get SALT Encoding   

  12  0:02  Drone  
  13  0:14  Overlord  
  13  0:25  Drone  
  14  0:38  Drone x3  
  17  0:47  Spawning Pool  
  16  1:00  Extractor  
  16  1:03  Drone x2  
  17  1:20  Overlord  
  17  1:31  Drone  
  18  1:34  Queen  
  20  1:40  Extractor  
  20  1:44  Zergling x4  
  21  1:57  Zergling x2  
  22  2:06  Metabolic Boost  
  22  2:09  Drone  
  23  2:17  Zergling x2  
  24  2:32  Zergling x2  
  25  2:43  Zergling x8  
  29  2:55  Roach Warren  
  29  2:56  Drone  
  29  3:04  Zergling x2  
  30  3:15  Overlord  
Show
View Real Time Build Order
Export as new Build Order

RANURA DE IA (Muy fácil) Zerg 

Build Orders: Pool Only 

Get SALT Encoding   

  12  0:01  Drone  
  13  0:12  Overlord  
  13  0:17  Drone  
  14  0:35  Spawning Pool  
  14  0:37  Extractor  
  14  0:39  Drone  
  13  0:46  Drone  
  14  0:51  Overlord  
  14  1:22  Queen  
  14  1:23  Zergling x2  
  17  1:31  Roach Warren  
  16  1:33  Extractor  
  16  1:34  Drone  
  16  1:42  Drone  
  16  1:43  Zergling x2  
  18  1:56  Drone  
  19  2:03  Zergling x2  
  19  2:07  Drone  
  21  2:17  Drone  
  22  2:29  Drone, Overlord  
  23  2:36  Drone  
  24  2:43  Drone  
  25  3:37  Zergling x2  
  23  3:45  Drone  
  23  3:50  Queen  
  23  3:52  Drone  
  17  3:57  Zergling x2  
  17  3:59  Drone  
  5  4:06  Drone  
Tags
 
Add a new tag
Caveats
  • Supply blocks, unpowered buildings, or Contaminate may cause inaccurate times.
  • Supply counts are checked every 10 seconds.